 Dungeon Crawl Stone Soup version 0.31-a0-865-g3d5d91748a (webtiles) character file.

Game seed: 10334300330878884502

492 TheGamechu the Trooper (level 7, -6/72 HPs)
             Began as an Ogre Gladiator on Oct 10, 2023.
             Mangled by Edmund
             ... wielding a +5 flail of protection
              (10 damage)
             ... on level 5 of the Dungeon.
             The game lasted 00:09:41 (4532 turns).

TheGamechu the Trooper (Ogre Gladiator)             Turns: 4532, Time: 00:09:44

Health: -6/72      AC:  4    Str: 22    XL:     7   Next: 14%
Magic:  16/16      EV: 11    Int:  9    God:
Gold:   213        SH:  0    Dex: 12    Spells: 6/6 levels left

rFire   . . .        a - +0 trident
rCold   . . .        (no shield)
rNeg    . . .        b - +0 robe
rPois   +            c - +0 hat
rElec   .            o - +0 cloak
rCorr   +            (gloves unavailable)
SInv    .            (boots unavailable)
Will    .....        (no amulet)
Stlth   +            m - ring "Pankory" {rCorr MP+9 Str+3}
HPRegen 0.32/turn    p - ring of poison resistance
MPRegen 0.15/turn

%: no passive effects
@: no status effects
A: large, unfitting armour, tough skin 1
a: no special abilities


You were on level 5 of the Dungeon.
You visited 1 branch of the dungeon, and saw 5 of its levels.

You collected 349 gold pieces.
You spent 136 gold pieces at shops.

Inventory:

Hand Weapons
 a - a +0 trident (weapon)
Missiles
 d - 3 throwing nets
 g - 9 stones
 j - 6 poisoned darts
Armour
 b - a +0 robe (worn)
 c - a +0 hat (worn)
 o - a +0 cloak (worn)
Jewellery
 m - the ring "Pankory" (left hand) {rCorr MP+9 Str+3}
   (You found it on level 2 of the Dungeon)

   [ring of magical power]

   Str+3:     It affects your strength (+3).
   MP+9:      It affects your magic capacity (+9).
   rCorr:     It protects you from acid and corrosion.
 p - a ring of poison resistance (right hand)
 q - an amulet of faith
Wands
 t - a wand of light (11)
Scrolls
 f - 2 scrolls of blinking
 h - 3 scrolls of teleportation
 i - 2 scrolls of enchant weapon
Potions
 n - a potion of haste
 r - a potion of magic
 s - a potion of attraction {unknown}


   Skills:
 + Level 5.4 Fighting
 + Level 4.6 Polearms
 + Level 4.1 Throwing
 + Level 4.2 Dodging


You had 6 spell levels left.
You didn't know any spells.
Your spell library contained the following spells:

 Spells                   Type           Power      Damage    Failure   Level
 Poisonous Vapours        Pois/Air       0%         N/A       52%         2
 Mephitic Cloud           Conj/Pois/Air  0%         N/A       77%         3
 Ozocubu's Armour         Ice            0%         N/A       77%         3
 Freezing Cloud           Conj/Ice/Air   0%         6-21      100%        5
 Metabolic Englaciation   Hex/Ice        0%         N/A       100%        5
 Simulacrum               Ice/Necr       0%         N/A       100%        6


Dungeon Overview and Level Annotations

Branches:
Dungeon (5/15)
 Temple: D:4-7

Altars:
Vehumet

Shops:
D:1 *   D:3 *

Annotations:
D:4 2 runed translucent doors, LeprechaunX's ghost, amateur OpSh
D:5 Edmund


Innate Abilities, Weirdness & Mutations

You are too large for most types of armour.
You have tough skin. (AC +1)


Message History

Edmund is lightly wounded.
Edmund hits you with a +5 flail of protection!
You hit Edmund.
Edmund is moderately wounded.
Edmund misses you.
You closely miss Edmund.
Edmund is moderately wounded.
Edmund barely misses you.
You closely miss Edmund.
Edmund is moderately wounded.
Edmund hits you with a +5 flail of protection!
Edmund gestures with his flail.
Edmund hits you with a +5 flail of protection!
* * * LOW HITPOINT WARNING * * *
It was a potion of magic.
Magic courses through your body.
Edmund hits you with a +5 flail of protection.
* * * LOW HITPOINT WARNING * * *
You are too injured to fight recklessly!
Throw: large rock
Press: ? - help, Q - select action, (/) - cycle Shift-Dir - straight line, f - Edmund
Aim: Edmund, wielding a +5 flail of protection and wearing a +0 chain mail (moderately wounded, 67% to hit)
You throw a large rock. The large rock hits Edmund!!
Edmund is severely wounded.
Edmund hits you with a +5 flail of protection.
* * * LOW HITPOINT WARNING * * *
You closely miss Edmund.
Edmund is severely wounded.
Edmund hits you with a +5 flail of protection!
* * * LOW HITPOINT WARNING * * *
Okay, then.
As you read the scroll labelled SEABLE NYISK, it crumbles to dust.
It is a scroll of amnesia.
You feel forgetful for a moment. Edmund barely misses you.
As you read the scroll labelled QIRAET LISYNYL, it crumbles to dust.
Your body is wracked with pain!
* * * LOW HITPOINT WARNING * * *
Edmund convulses!
It was a scroll of torment.
Edmund hits you with a +5 flail of protection!
You die...
Edmund whines, "They better pay attention to me now!"

#..#### #.# #......
...#### #...#..
.......
#...#.######....##.
###>..........!......
......... ##.......#
#......##♣..§...♣# ♣
#..#.##.P.§.#..#....
#....)P§P♣§.@@P.P♣
##..†♣.♣§§§§♣♣.♣#.P$
#...<....♣§♣♣ #
#...†♣♣♣.♣♣..
##.#........♣.#
...#.P..♣♣♣♣P #
#####..♣♣......
#.#...♣♣♣.♣ #.##....♣


You could see Edmund.

Vanquished Creatures
  5 orc priests
  An iguana (D:5)
  Terence (D:2)
  Natasha (thrice) (D:4)
  3 orc wizards
  A gnoll (D:3)
  2 adders
  A river rat (D:5)
  3 worms
  13 orcs
  10 endoplasms
  3 giant cockroaches (D:1)
  4 goblins
  10 hobgoblins
  4 jackals (D:2)
  3 quokkas
  11 ball pythons
  2 bats (D:1)
  A frilled lizard (D:1)
  5 kobolds
  6 rats
92 creatures vanquished.

Notes
Turn   | Place    | Note
-------+----------+-------------------------------------------
     0 | D:1      | TheGamechu the Ogre Gladiator began the quest for the Orb.
     0 | D:1      | Reached XP level 1. HP: 22/22 MP: 1/1
   175 | D:1      | Found a faded altar of an unknown god.
   189 | D:1      | Reached XP level 2. HP: 23/29 MP: 2/2
   190 | D:1      | Reached skill level 3 in Fighting
   238 | D:1      | Found Erili's Assorted Antiques.
   243 | D:1      | Bought a scroll labelled UGRIW NUTWOFEI for 26 gold pieces
   243 | D:1      | Bought a scroll labelled BEEHOH DARPHEOQEESM for 26 gold
                  | pieces
   523 | D:1      | Reached XP level 3. HP: 36/37 MP: 3/3
  1057 | D:2      | Identified the +0 ring mail "Jyanuniw" {Dex+3}
  1106 | D:2      | Identified the ring "Pankory" {rCorr MP+9 Str+3}
  1344 | D:2      | Noticed Terence
  1350 | D:2      | Killed Terence
  1351 | D:2      | Reached XP level 4. HP: 38/48 MP: 4/4
  1618 | D:3      | Found Xeawampo's General Store.
  1676 | D:3      | Bought a +0 cloak for 58 gold pieces
  1676 | D:3      | Bought a scroll of identify for 26 gold pieces
  1703 | D:3      | Reached skill level 4 in Fighting
  1703 | D:3      | Reached XP level 5. HP: 15/54 MP: 5/5
  2376 | D:4      | Found a radiant altar of Vehumet.
  2976 | D:4      | Reached XP level 6. HP: 28/63 MP: 6/6
  3213 | D:4      | Noticed Natasha
  3224 | D:4      | Killed Natasha
  3250 | D:4      | Noticed Natasha
  3254 | D:4      | Killed Natasha
  3353 | D:4      | Noticed Natasha
  3354 | D:4      | Killed Natasha
  3374 | D:4      | Found a large runed translucent door.
  3374 | D:4      | Found a large runed translucent door.
  3376 | D:4      | Noticed LeprechaunX's ghost (amateur OpSh)
  3597 | D:3      | Reached skill level 5 in Fighting
  3994 | D:4      | Reached XP level 7. HP: 52/72 MP: 7/7
  4480 | D:5      | Entered Level 5 of the Dungeon
  4519 | D:5      | Noticed Edmund
  4532 | D:5      | Mangled by Edmund

Illustrated notes

Levels and vault maps discovered:
D:1:      scummos_arrival_checkerplants, layout_basic, serial_shops,
          nicolae_shop_hallway_stairs, basic_ecumenical_altar
D:2:      layout_basic, uniq_terence
D:3:      layout_rooms, serial_shops, shop, kennysheep_generic_room_14
D:4:      layout_basic, mainiacjoe_overflow_small_starburst,
          ebering_ghost_disaster_area, hangedman_abyss_or_decor_stagger,
          uniq_natasha
D:5:      wad_woods_tower, layout_basic, uniq_edmund

Skill      XL: |  1  2  3  4  5  6 |
---------------+-------------------+-----
Fighting       | 3 4 5 |  5.4
Dodging        | 3 4 |  4.2
Throwing       | 3 4 |  4.1
Polearms       | 4 |  4.6

Action                     |  1- 3 |  4- 6 |  7- 9 || total
---------------------------+-------+-------+-------++-------
  Melee: Trident           |   133 |   176 |    29 ||   338
         Punch             |     2 |     1 |       ||     3
  Throw: Stone             |       |    16 |       ||    16
         Large rock        |       |     5 |     2 ||     7
    Use: Scroll            |       |     5 |     2 ||     7
         Potion            |       |     1 |     1 ||     2
   Stab: Sleeping          |     2 |       |       ||     2
 Armour: Robe              |    79 |   135 |    25 ||   239
  Dodge: Dodged            |    76 |   120 |    23 ||   219

Table legend: (Time is in decaauts)
 A = Elapsed time spent in this place.
 B = Non-inter-level travel time spent in this place.
 C = Inter-level travel time spent in this place.
 D = Time resting spent in this place.
 E = Time spent auto-exploring this place.
 F = Levels seen in this place.
 G = Mean time per level.
                   A        B        C        D        E       F      G
               +--------+--------+--------+--------+--------+-----+--------+
         Total |   4591 |   4430 |    161 |   1193 |   2109 |   5 |  918.2 |
       Dungeon |   4591 |   4430 |    161 |   1193 |   2109 |   5 |  918.2 |
               +--------+--------+--------+--------+--------+-----+--------+

Top non-repeatable levels by time:
     D:3: 1609 daAuts
     D:4: 1356 daAuts
     D:1: 871 daAuts
     D:2: 699 daAuts
     D:5: 54 daAuts
